 Dungeon Crawl Stone Soup version 0.28-a0-1524-ge72afd5fc6 (webtiles) character file.

Game seed: 2011345320834699409

1434 bande the Chopper (level 8, -2/48 HPs)
             Began as a Gargoyle Fighter on Jan 18, 2022.
             Was a Follower of Okawaru.
             Slain by an orc warrior (3 damage)
             ... on level 5 of the Dungeon.
             The game lasted 00:11:04 (8146 turns).

bande the Chopper (Gargoyle Fighter)                Turns: 8146, Time: 00:11:05

Health: -2/48      AC: 17    Str: 20    XL:     8   Next: 73%
Magic:  10/10      EV:  9    Int:  9    God:    Okawaru [*.....]
Gold:   310        SH:  5    Dex: 11    Spells: 7/7 levels left

rFire   . . .      SeeInvis .   a - +0 war axe
rCold   . . .      Faith    .   c - +0 buckler
rNeg    + . .      Spirit   .   b - +0 scale mail
rPois   ∞          Reflect  .   j - +0 helmet
rElec   +          Harm     .   k - +0 cloak
rCorr   .          Rampage  .   i - +1 pair of gloves
Will    +....                   (no boots)
Stlth   ..........              (no amulet)
HPRegen 0.16/turn               o - ring of willpower
MPRegen 0.12/turn               (no ring)

@: no status effects
A: sickness immunity, AC +5, negative energy resistance 1, electricity
resistance, torment resistance 1, petrification resistance
a: Renounce Religion, Heroism


You were on level 5 of the Dungeon.
You worshipped Okawaru.
Okawaru was aware of your devotion.
You visited 1 branch of the dungeon, and saw 5 of its levels.
You also visited: Sewer.

You collected 310 gold pieces.

Inventory:

Hand Weapons
 a - a +0 war axe (weapon)
 l - a +4 mace
Missiles
 s - a throwing net (quivered)
Armour
 b - a +0 scale mail (worn)
 c - a +0 buckler (worn)
 i - a +1 pair of gloves (worn)
 j - a +0 helmet (worn)
 k - a +0 cloak (worn)
Jewellery
 o - a ring of willpower (left hand)
 r - a ring of magical power
Wands
 n - a wand of mindburst (17)
Scrolls
 h - a scroll of amnesia {unknown}
 m - a scroll of enchant armour
 p - 3 scrolls of fear
 q - 4 scrolls of identify
 u - a scroll of blinking
Potions
 d - 2 potions of might
 e - a potion of haste
 f - a potion of magic
 g - a potion of resistance
 t - 2 potions of curing


   Skills:
 + Level 4.9 Fighting
 + Level 6.8 Axes
 + Level 5.9 Armour
 + Level 4.5 Shields
 * Level 2.9 Invocations
 * Level 2.4 Evocations


You had 7 spell levels left.
You didn't know any spells.
Your spell library was empty.

Dungeon Overview and Level Annotations

Branches:
Dungeon (5/15)              Sewer (visited)
 Temple: D:4-7

Altars:
Makhleb
Okawaru

Shops:
D:3 ?


Innate Abilities, Weirdness & Mutations

You are immune to sickness and miasma.
Your stone body is resilient. (AC +5)
You are immune to poison.
You resist negative energy. (rN+)
You are resistant to electric shocks. (rElec)
You are resistant to unholy torment.
You are immune to petrification.


Message History

You barely miss the orc warrior.
The orc warrior is lightly wounded.
The orc warrior hits you with a +4 flail.
The orc warrior blocks your attack.
The orc warrior is lightly wounded.
The orc warrior barely misses you.
You hit the orc warrior.
The orc warrior is moderately wounded.
The orc warrior hits you with a +4 flail!
The orc warrior hits you with a +4 flail.
You are too injured to fight recklessly!
You are too injured to fight recklessly!
You are too injured to fight recklessly!
You are too injured to fight recklessly!
You are too injured to fight recklessly!
You are too injured to fight recklessly!
You are too injured to fight recklessly!
You are too injured to fight recklessly!
You hit the orc warrior.
The orc warrior is heavily wounded.
The orc warrior hits you but does no damage.
The orc warrior blocks your attack.
The orc warrior is heavily wounded.
The orc warrior hits you but does no damage.
You slash the orc warrior!
The orc warrior is severely wounded.
The orc warrior hits you with a +4 flail!
* * * LOW HITPOINT WARNING * * *
You closely miss the orc warrior.
The orc warrior is severely wounded.
The orc warrior hits you but does no damage.
You hit the orc warrior but do no damage.
The orc warrior is severely wounded.
The orc warrior hits you but does no damage.
You hit the orc warrior.
The orc warrior is severely wounded.
The orc warrior hits you with a +4 flail!
* * * LOW HITPOINT WARNING * * *
The orc warrior hits you with a +4 flail.
You die...

.#..###.##.# #.......# #.#
........##.# #######.# ###*##
##.#######.#########.# *,,.# #.#
#..............# *,8.# #.#
#.##....##§##### *...#
#.####.#####.##.§#######§§.##***
#......# #.##.§§§§§§§§§§...,,*
######## #.##§§§§§§§§§§#..._,*
#.##@o§§§§§§§§§...,,*
#.##§§#######§..####* #.##.##
###,..##.# ****######.#))##
#.#,_,*#.# ****,,.........)..#
#!#,,,##.##
,,,,,*#######.###.#####.#####....
****** #..................##
####################


You could see an orc warrior.

Vanquished Creatures
  2 sky beasts
  3 ogres (D:5)
  3 scorpions
  Crazy Yiuf (D:2)
  2 jellies (D:5)
  4 hounds (D:5)
  2 bullfrog skeletons (D:5)
  An iguana (D:5)
  Jessica (D:2)
  Terence (D:2)
  Natasha (thrice) (D:2)
  3 orc wizards
  The ghost of psuckher the Sneak, a weakling BaDe (D:4)
  A hound skeleton (D:5)
  8 adders
  9 river rats
  An ufetubus (D:4)
  2 worms (D:3)
  2 dart slugs
  15 orcs
  16 ball pythons
  5 bats
  9 endoplasms
  A giant cockroach (D:2)
  2 goblins
  12 hobgoblins
  9 jackals (D:1)
  5 kobolds
  11 quokkas
  9 frilled lizards
  28 rats
172 creatures vanquished.

Vanquished Creatures (others)
  A jackal (D:1)
  A fungus (D:2)
2 creatures vanquished.

Grand Total: 174 creatures vanquished

Notes
Turn   | Place    | Note
-------+----------+-------------------------------------------
     0 | D:1      | bande the Gargoyle Fighter began the quest for the Orb.
     0 | D:1      | Reached XP level 1. HP: 14/14 MP: 1/1
   188 | D:1      | Reached XP level 2. HP: 8/19 MP: 2/2
   633 | D:1      | Reached skill level 2 in Axes
   747 | D:1      | Reached XP level 3. HP: 23/23 MP: 3/3
   854 | D:1      | Found a faded altar of an unknown god.
  1592 | D:2      | Reached XP level 4. HP: 27/29 MP: 4/4
  1624 | D:2      | Noticed Jessica
  1633 | D:2      | Killed Jessica
  1634 | D:2      | Reached skill level 3 in Axes
  1711 | D:2      | Noticed Natasha
  1721 | D:2      | Killed Natasha
  1951 | D:2      | Noticed Natasha
  1957 | D:2      | Killed Natasha
  1958 | D:2      | Reached XP level 5. HP: 28/33 MP: 5/5
  1964 | D:2      | Noticed Natasha
  1972 | D:2      | Killed Natasha
  2255 | D:2      | Noticed Terence
  2262 | D:2      | Killed Terence
  2263 | D:2      | Reached skill level 4 in Axes
  2869 | D:2      | Found a runed translucent door.
  2870 | D:2      | Noticed Crazy Yiuf
  2938 | D:2      | Killed Crazy Yiuf
  2939 | D:2      | Reached XP level 6. HP: 12/38 MP: 6/6
  3391 | D:3      | Noticed a sky beast
  3399 | D:3      | Killed a sky beast
  3657 | D:3      | Found Rihyups's Magic Scroll Shoppe.
  3726 | D:3      | Found a glowing drain.
  3745 | Sewer    | Entered a sewer
  4886 | D:3      | Reached skill level 5 in Axes
  5531 | D:4      | Reached XP level 7. HP: 39/43 MP: 7/7
  5686 | D:4      | Found an iron altar of Okawaru.
  5714 | D:4      | Became a worshipper of Warmaster Okawaru
  6075 | D:4      | Found a runed translucent door.
  6075 | D:4      | Noticed psuckher's ghost (weakling BaDe)
  6181 | D:4      | Killed psuckher's ghost
  6182 | D:4      | Reached skill level 5 in Armour
  6234 | D:5      | Entered Level 5 of the Dungeon
  6290 | D:5      | Reached skill level 1 in Invocations
  6450 | D:5      | Reached skill level 1 in Evocations
  6712 | D:5      | Reached XP level 8. HP: 26/48 MP: 9/9
  6717 | D:5      | Reached skill level 6 in Axes
  7090 | D:5      | Found a burning altar of Makhleb.
  7124 | D:5      | Reached * piety under Okawaru
  8146 | D:5      | HP: 1/48 [orc warrior (11)]
  8146 | D:5      | Slain by an orc warrior

Illustrated notes

Levels and vault maps discovered:
D:1:      sevenhm_arrival_forest_fort_large_1, layout_loops_ring,
          chequers_ecumenical_altar_island, lemuel_flame_loot_1
D:2:      layout_loops_corners, uniq_crazy_yiuf_cottage, uniq_terence,
          uniq_natasha, uniq_jessica
D:3:      layout_basic, serial_shops, shop, cheibrodos_sewer_entry_bend
D:4:      layout_cave_pools, okawaru_gym_becter, gammafunk_ghost_grave
D:5:      lemuel_ratsnest, layout_loops_ring, mainiacjoe_overflow_catwalk,
          beargit_hepliaklqana_dungeon_heroes

Skill      XL: |  1  2  3  4  5  6  7  8 |
---------------+-------------------------+-----
Axes           | 2 3 4 5 6 |  6.8
Armour         | 4 5 |  5.9
Fighting       | 4 |  4.9
Shields        | 4 |  4.5
Invocations    | 1 2 |  2.9
Evocations     | 1 2 |  2.4

Action                   |  1- 3 |  4- 6 |  7- 9 || total
-------------------------+-------+-------+-------++-------
Melee: War axe           |   112 |   207 |   284 ||   603
  Use: Scroll            |     5 |     7 |     3 ||    15
Armor: Scale mail        |    62 |   108 |   150 ||   320
Dodge: Dodged            |    57 |   108 |   140 ||   305
Block: Buckler           |    29 |    41 |    58 ||   128

Table legend: (Time is in decaauts)
 A = Elapsed time spent in this place.
 B = Non-inter-level travel time spent in this place.
 C = Inter-level travel time spent in this place.
 D = Time resting spent in this place.
 E = Time spent auto-exploring this place.
 F = Levels seen in this place.
 G = Mean time per level.
                   A        B        C        D        E       F      G
               +--------+--------+--------+--------+--------+-----+--------+
         Total |   8390 |   8332 |     58 |   2452 |   4431 |   6 | 1398.3 |
       Dungeon |   7993 |   7935 |     58 |   2452 |   4145 |   5 | 1598.6 |
         Sewer |    397 |    397 |      0 |      0 |    286 |   1 |  397.0 |
               +--------+--------+--------+--------+--------+-----+--------+

Top non-repeatable levels by time:
     D:5: 1961 daAuts
     D:3: 1908 daAuts
     D:2: 1822 daAuts
     D:1: 1485 daAuts
     D:4: 815 daAuts
   Sewer: 397 daAuts
